AoeStats
← ChilliChump

Arena

505181734Analyzed
4v4 RM · 23d ago on Sep 8, 2026· 40m 48s· 8 players
Game mode
Random Map
Map size
Large (8 player)
Population
200
Speed
Normal
Resources
Standard
Victory
Conquest
Starting age
Dark Age
Ending age
Imperial Age
RankedLock teamsTeams togetherTeam positionsShared explorationLock speedFull tech treeHidden civsTurbo modeCheats
Victory
Defeat
🇮🇳 Franks · India
1087
+11
🇦🇺 Maya · Australia
1018
+14
989
+15
🇧🇷 Mongols · Brazil
912
+19
🇹🇷 Teutons · Türkiye
1011
-16
🇨🇳 Turks · China
996
-16
🇨🇭 Huns · Switzerland
983
-15
🇨🇿 Spanish · Czechia
909
-12
SwissMilk
9:58 Feudal Age
14:29 Castle Age
16:32 Gold Mining
16:30 Double-Bit Axe
24:02 Pikeman
30:26 Imperial Age
28:51 Wheelbarrow
29:12 Stone Mining
29:30 Horse Collar
31:01 Hand Cart
33:58 Forging
33:53 Scale Barding Armor
33:13 Elite Tarkan
34:30 Marauders
35:00 Husbandry
35:10 Bloodlines
35:34 Scale Mail Armor
36:10 Iron Casting
36:49 Chain Barding Armor
36:47 Chain Mail Armor
35:57 Halberdier
38:31 Light Cavalry
FALCON
10:30 Feudal Age
14:21 Castle Age
12:52 Double-Bit Axe
13:25 Man-at-Arms
19:46 Long Swordsman
21:44 Scale Mail Armor
21:32 Horse Collar
23:41 Gambesons
28:15 Wheelbarrow
29:34 Heavy Plow
29:46 Bow Saw
29:28 Stone Mining
29:31 Gold Mining
32:30 Imperial Age
32:00 Stone Shaft Mining
31:29 Fletching
31:45 Elite Skirmisher
32:23 Bodkin Arrow
31:54 Pikeman
32:35 Squires
33:36 Ballistics
34:31 Chemistry
34:40 Siege Engineers
35:43 Chain Mail Armor
35:29 Padded Archer Armor
Grubik
11:38 Feudal Age
10:14 Loom
16:16 Castle Age
17:18 Double-Bit Axe
17:15 Horse Collar
26:18 Heavy Plow
26:38 Bow Saw
30:04 Wheelbarrow
30:48 Padded Archer Armor
31:15 Ballistics
32:03 Hand Cart
32:12 Leather Archer Armor
31:49 Fletching
32:01 Murder Holes
32:16 Fortified Wall
32:13 Arson
31:49 Pikeman
32:30 Squires
32:35 Gold Mining
32:35 Stone Mining
35:33 Imperial Age
33:18 Scale Mail Armor
34:54 Forging
35:34 Halberdier
37:45 Chemistry
37:18 Ring Archer Armor
37:37 Conscription
38:14 Chain Mail Armor
40:19 Conscription
39:23 Elite Conquistador
A小鹿
10:53 Feudal Age
16:42 Castle Age
14:41 Gold Mining
14:41 Stone Mining
14:41 Double-Bit Axe
15:14 Stone Mining
15:29 Horse Collar
25:42 Imperial Age
24:04 Bow Saw
24:02 Padded Archer Armor
27:12 Leather Archer Armor
29:09 Ballistics
29:30 Wheelbarrow
29:51 Heavy Plow
32:49 Murder Holes
34:51 Fortified Wall
35:27 Masonry
37:21 Ring Archer Armor
36:41 Fletching
38:11 Scale Barding Armor
38:16 Forging
37:31 Heavy Camel Rider
38:22 Bloodlines
38:12 Husbandry
38:43 Hand Cart
39:32 Chain Barding Armor
KatituWanted
0:39 Loom
9:37 Feudal Age
10:42 Double-Bit Axe
17:14 Castle Age
17:01 Gold Mining
17:04 Stone Mining
30:57 Imperial Age
33:04 Elite Mangudai
34:37 Gold Shaft Mining
34:56 Conscription
34:42 Nomads
35:03 Drill
34:43 Elite Skirmisher
36:44 Bow Saw
37:12 Wheelbarrow
37:53 Chemistry
37:14 Ballistics
36:48 Fletching
36:58 Padded Archer Armor
38:09 Hand Cart
37:52 Bodkin Arrow
38:04 Scale Barding Armor
39:35 Bracer
39:51 Leather Archer Armor
40:01 Capped Ram
ChilliChump
1:43 Loom
10:08 Feudal Age
16:52 Castle Age
21:36 Scale Mail Armor
21:27 Eagle Warrior
22:49 Town Watch
22:54 Double-Bit Axe
24:05 Fletching
26:29 Padded Archer Armor
32:04 Bow Saw
31:59 Horse Collar
32:38 Gold Mining
35:01 Heavy Plow
38:13 Wheelbarrow
38:01 Bodkin Arrow
40:28 Leather Archer Armor
Nice To Meet UR Trash Army
3:24 Double-Bit Axe
6:27 Horse Collar
11:55 Feudal Age
13:22 Bow Saw
15:37 Castle Age
13:57 Heavy Plow
16:13 Wheelbarrow
15:24 Loom
16:33 Husbandry
15:54 Light Cavalry
23:49 Hand Cart
25:57 Gold Mining
29:00 Imperial Age
26:16 Loom
26:22 Treadmill Crane
27:37 Gold Shaft Mining
27:14 Scale Barding Armor
28:15 Two-Man Saw
27:39 Forging
26:50 Cavalier
27:35 Stone Mining
29:23 Chain Barding Armor
29:39 Iron Casting
29:49 Stone Shaft Mining
30:03 Conscription
30:56 Chemistry
30:15 Paladin
31:57 Blast Furnace
31:49 Plate Barding Armor
32:02 Fletching
33:12 Guilds
33:15 Hussar
33:47 Town Watch
35:08 Bodkin Arrow
37:00 Coinage
36:31 Caravan
36:42 Bracer
37:04 Ballistics
38:36 Crop Rotation
38:21 Padded Archer Armor
38:58 Town Patrol
39:38 Fortified Wall
41:18 Hoardings
40:50 Burgundian Vineyards
Lifehack
11:33 Feudal Age
15:16 Castle Age
13:07 Double-Bit Axe
17:24 Bow Saw
18:16 Wheelbarrow
19:33 Hand Cart
26:48 Gold Mining
26:48 Loom
27:37 Husbandry
27:43 Scale Barding Armor
27:49 Forging
31:18 Imperial Age
30:13 Gold Shaft Mining
31:42 Chain Barding Armor
31:58 Iron Casting
32:36 Cavalier
33:55 Plate Barding Armor
33:50 Stone Mining
35:24 Blast Furnace
34:16 Fletching
34:17 Paladin
36:46 Ballistics
36:22 Murder Holes
37:28 Chemistry
36:40 Masonry
37:10 Bodkin Arrow
37:48 Conscription
37:28 Chivalry
40:13 Hoardings
Connection lost

Rejoining the realm…

Still unreachable

The connection could not be restored.

Session expired

The server has moved on; the page needs a fresh start.